 Dungeon Crawl Stone Soup version 0.22-a0-877-g5c4e1af (webtiles) character file.

28 tatocazan the Slasher (level 3, 0/25 HPs)
             Began as a Halfling Fighter on July 29, 2018.
             Succumbed to an adder's poison
             ... on level 3 of the Dungeon on July 30, 2018.
             The game lasted 00:01:52 (899 turns).

tatocazan the Slasher (Halfling Fighter)             Turns: 899, Time: 00:01:53

Health: 0/25       AC:  6    Str: 17    XL:     3   Next: 27%
Magic:  3/3        EV:  8    Int:  6    God:
Gold:   61         SH:  9    Dex: 14    Spells: 2/2 levels left

rFire    . . .     SeeInvis .   a - +0 long sword
rCold    . . .     Gourm    .   c - +0 shield
rNeg     . . .     Faith    .   b - +0 scale mail
rPois    .         Spirit   .   (no helmet)
rElec    .         Reflect  .   (no cloak)
rCorr    .         Harm     .   (no gloves)
MR       .....                  (no boots)
Stlth    ..........             (no amulet)
HPRegen  0.08/turn              (no ring)
MPRegen  0.08/turn              (no ring)

@: lethally poisoned (0 -> -4)
A: small, mutation resistance 1
a: no special abilities


You were on level 3 of the Dungeon.
You were not hungry.

You visited 1 branch of the dungeon, and saw 3 of its levels.

You collected 61 gold pieces.

Inventory:

Hand Weapons
 a - a +0 long sword (weapon)
Armour
 b - a +0 scale mail (worn)
 c - a +0 shield (worn)
Jewellery
 j - a +4 ring of protection {unknown}
 k - an uncursed ring of positive energy {unknown}
Scrolls
 e - 2 scrolls of identify {unknown}
 g - a scroll of enchant weapon {unknown}
 h - 2 scrolls of magic mapping {unknown}
Potions
 d - 2 potions of might
 i - a potion of agility {unknown}
Comestibles
 f - a ration
 l - 3 chunks of flesh


   Skills:
 - Level 2.6 Fighting
 + Level 3.5 Long Blades
 - Level 3.2 Armour
 - Level 3.2 Shields


You had 2 spell levels left.
You didn't know any spells.
Your spell library was empty.

Dungeon Overview and Level Annotations

Branches:
Dungeon (3/15)

Altars:
Nemelex Xobeh


Innate Abilities, Weirdness & Mutations

You are small and have problems with some larger weapons.
You are somewhat resistant to further mutation.


Message History

There is an escape hatch in the floor here.
You can't go up here!
The jackal bites you but does no damage.
You block the adder's attack.
The jackal bites you but does no damage.
The adder bites you but does no damage.
You slide downwards.
The hatch slams shut behind you.
A frilled lizard and 2 jackals come into view.
* * * LOW HITPOINT WARNING * * *
You feel sick.
The frilled lizard hisses angrily.
The jackal barks! x2; You hear a bark!
Found a scroll labeled CEUPLA JUTH.
Found a stone staircase leading up.
Welcome back, tatocazan the Halfling Fighter.
Press ? for a list of commands and other information.
You closely miss the adder.
The adder is almost dead.
You block the jackal's attack. The adder bites you but does no damage.
You closely miss the adder.
The adder is almost dead.
You die... ### lh#

#h# #.#
###.###h#######
.......@S.....<
....######...##
. ..# .


You could see an adder, 3 jackals and a frilled lizard.

Vanquished Creatures
  An adder zombie (D:2)
  A leopard gecko (D:2)
  2 giant cockroaches (D:2)
  3 goblins
  2 hobgoblins
  2 jackals (D:1)
  2 kobolds
  2 bats
  4 frilled lizards
  2 rats
21 creatures vanquished.

Notes
Turn   | Place    | Note
-------+----------+-------------------------------------------
     0 | D:1      | tatocazan the Halfling Fighter began the quest for the Orb.
     0 | D:1      | Reached XP level 1. HP: 15/15 MP: 1/1
   202 | D:1      | Reached XP level 2. HP: 20/20 MP: 2/2
   492 | D:2      | Found a sparkling altar of Nemelex Xobeh.
   804 | D:2      | Reached XP level 3. HP: 22/25 MP: 3/3
   897 | D:3      | HP: 1/25 [poisoned by an adder]
   899 | D:3      | Succumbed to an adder's poison

Vault maps used:
D:1:      minmay_arrival_shattered_statue, minmay_door_square, st_stairs_7
D:2:      kiku_gazebo_garden_becter, old_standard_altar, cheibrodos_gnoll_hut
D:3:      nicolae_overflow_hidden_temple, minmay_misc_feat_diagonals, uniq_ijyb

Skill      XL: |  1  2 |
---------------+-------+-----
Long Blades    | 3 |  3.5
Fighting       | |  2.6
Armour         | |  3.2
Shields        | |  3.2

Action                   || total
-------------------------++-------
Melee: Long sword        ||    86
Armor: Scale mail        ||    55
Dodge: Dodged            ||    51
Block: Shield            ||    70
       Rpst.: Long sword ||    14

Table legend:
 A = Spawn XP
 B = Non-spawn XP
 C = Spawn XP percentage of total XP
 D = Spawn monster count
 E = Non-spawn monster count
 F = Spawn count percentage of total count
 G = Total turns spent on level
                    A         B        C        D         E        F      G
               +---------+---------+-------+---------+---------+-------+---------
         Total |       0 |      40 |   0.0 |       0 |      21 |   0.0 |   899
               +---------+---------+-------+---------+---------+-------+---------
           D:1 |       0 |      16 |   0.0 |       0 |      10 |   0.0 |   479
           D:2 |       0 |      24 |   0.0 |       0 |      11 |   0.0 |   418
               +---------+---------+-------+---------+---------+-------+---------
